 Dungeon Crawl Stone Soup version 0.23.2-1-ga50397a (webtiles) character file.

Game seed: 11261009717503721787

526 Fang the Skirmisher (level 7, -4/66 HPs)
             Began as a Gargoyle Berserker on Apr 30, 2019.
             Was a Believer of Trog.
             Shot with an arrow by a centaur (6 damage)
             ... on level 5 of the Dungeon.
             The game lasted 00:03:44 (3325 turns).

Fang the Skirmisher (Gargoyle Berserker)            Turns: 3325, Time: 00:03:45

Health: -4/66      AC: 14    Str: 28    XL:     7   Next: 23%
Magic:  7/7        EV: 10    Int:  9    God:    Trog [**....]
Gold:   171        SH:  0    Dex:  9    Spells: 6/6 levels left

rFire    . . .     SeeInvis .   a - +0 hand axe
rCold    . . .     Gourm    .   (no shield)
rNeg     + . .     Faith    .   b - +0 chain mail
rPois    ∞         Spirit   .   (no helmet)
rElec    +         Reflect  .   (no cloak)
rCorr    .         Harm     .   (no gloves)
MR       .....                  (no boots)
Stlth    ..........             (no amulet)
HPRegen  0.21/turn              d - +2 ring of intelligence
MPRegen  0.10/turn              (no ring)

@: berserking, very quick
A: negative energy resistance 1, electricity resistance, unbreathing,
petrification resistance, rot immunity, AC +4
a: Berserk, Trog's Hand, Renounce Religion


You were on level 5 of the Dungeon.
You worshipped Trog.
Trog was pleased with you.
You were near starving.

You visited 1 branch of the dungeon, and saw 5 of its levels.

You collected 171 gold pieces.

Inventory:

Hand Weapons
 a - a +0 hand axe (weapon)
Armour
 b - a +0 chain mail (worn)
Jewellery
 d - a +2 ring of intelligence (left hand)
Wands
 l - a wand of enslavement (11)
 o - a wand of iceblast (9)
 q - a wand of digging (8)
Scrolls
 e - 2 scrolls of enchant armour {unknown}
 f - 4 scrolls of identify {unknown}
 g - a scroll of noise {unknown}
 k - a scroll of immolation {unknown}
 n - 2 scrolls of enchant weapon {unknown}
 r - a scroll of fog {unknown}
 s - 2 scrolls of remove curse {unknown}
 t - a scroll of blinking {unknown}
Potions
 h - 2 potions of heal wounds {unknown}
 i - a potion of curing {unknown}
 j - a potion of flight {unknown}
 m - a potion of might {unknown}
 p - a potion of lignification {unknown}
Comestibles
 c - 7 rations


   Skills:
 + Level 5.2 Fighting
 + Level 4.3 Axes
 + Level 4.5 Armour
 + Level 3.4 Dodging


You had 6 spell levels left.
You didn't know any spells.
Your spell library was empty.

Dungeon Overview and Level Annotations

Branches:
Dungeon (5/15)
 Temple: D:4-7

Altars:
Hepliaklqana
Qazlal
Sif Muna
Trog
Xom


Innate Abilities, Weirdness & Mutations

You are resistant to torment.
Your stone body is resilient. (AC +4)
You are immune to poison.
You resist negative energy. (rN+)
You are resistant to electric shocks. (rElec)
You can survive without breathing.
You are immune to petrification.
You are immune to rotting.


Message History

You are too injured to fight recklessly!
You are too injured to fight recklessly!
You are too injured to fight recklessly!
You are too injured to fight recklessly!
You are too injured to fight recklessly!
A red film seems to cover your vision as you go berserk!
You feel yourself moving faster!
You feel mighty!
You are near starving!
The centaur shoots an arrow.
The arrow hits you.
* * * LOW HITPOINT WARNING * * *
The ogre hits you with a +0 giant club!
* * * LOW HITPOINT WARNING * * *
The crimson imp blinks!
You slash the ogre!
You kill the ogre!
Trog accepts your kill.
The centaur shoots an arrow.
The arrow hits you.
* * * LOW HITPOINT WARNING * * *
The centaur shoots an arrow.
The arrow hits you.
You die...

.....#.. ....
....##.#...#...#...$
.........#...#...#. .
.......#...#...#.. #.#
.........#...#...#....
.....#...#..c#...#
.....#...#...# ## #.#...#§(@#
.#######..=#.(.#...#...# ...
.##......#...#...#...#.# ....
.##........#...#...#...# ....
............(#..5#.....#....
...............#.......#...
..............#.........#
###..........##........###.###
#..........###......<.......


You could see a centaur and a crimson imp.

Vanquished Creatures
  An ogre (D:5)
  Blork the orc (D:4)
  A crimson imp (D:5)
  A hound (D:4)
  2 bullfrog skeletons
  6 worker ants (D:4)
  Ijyb (D:4)
  4 adders
  2 oozes
  2 worms
  3 leopard geckos
  4 giant cockroaches
  3 goblins
  A hobgoblin (D:3)
  3 kobolds
  A quokka (D:4)
  A bat (D:3)
  2 frilled lizards
  5 rats (D:2)
44 creatures vanquished.

Notes
Turn   | Place    | Note
-------+----------+-------------------------------------------
     0 | D:1      | Fang the Gargoyle Berserker began the quest for the Orb.
     0 | D:1      | Reached XP level 1. HP: 14/14 MP: 1/1
   344 | D:1      | Found a glowing silver altar of Zin.
   346 | D:1      | Found a white marble altar of Elyvilon.
   346 | D:1      | Found a bloodstained altar of Trog.
   349 | D:1      | Found a shimmering altar of Xom.
   349 | D:1      | Found a shimmering altar of Xom.
   349 | D:1      | Found a stormy altar of Qazlal.
   540 | D:1      | Reached XP level 2. HP: 15/19 MP: 2/2
  1173 | D:2      | Reached XP level 3. HP: 15/23 MP: 3/3
  1986 | D:3      | Reached XP level 4. HP: 13/29 MP: 4/4
  2200 | D:4      | Reached skill level 4 in Fighting
  2207 | D:4      | Noticed Ijyb
  2217 | D:4      | Reached XP level 5. HP: 13/33 MP: 5/5
  2218 | D:4      | Killed Ijyb
  2619 | D:4      | Reached XP level 6. HP: 29/39 MP: 6/6
  2664 | D:4      | Reached ** piety under Trog
  2702 | D:4      | Found a hazy altar of Hepliaklqana.
  2896 | D:4      | Noticed Blork the orc
  2916 | D:4      | Killed Blork the orc
  3106 | D:4      | Found a deep blue altar of Sif Muna.
  3125 | D:5      | Entered Level 5 of the Dungeon
  3254 | D:5      | Reached skill level 5 in Fighting
  3254 | D:5      | Reached XP level 7. HP: 35/44 MP: 7/7
  3324 | D:5      | HP: 2/66 [centaur/arrow (5)]
  3325 | D:5      | Shot with an arrow by a centaur

Skill      XL: |  1  2  3  4  5  6 |
---------------+-------------------+-----
Axes           | 3 4 |  4.3
Dodging        | 2 3 |  3.4
Armour         | 3 4 |  4.5
Fighting       | 4 5 |  5.2

Action                   |  1- 3 |  4- 6 |  7- 9 || total
-------------------------+-------+-------+-------++-------
Melee: Hand axe          |    91 |   167 |    11 ||   269
Invok: Berserk           |     2 |     2 |     1 ||     5
  Eat: Chunk             |     5 |     6 |       ||    11
Armor: Animal skin       |    24 |    10 |       ||    34
       Chain mail        |       |    88 |     7 ||    95
Dodge: Dodged            |    58 |    87 |     5 ||   150
